 Dungeon Crawl Stone Soup version 0.30.1-11-g7821555f0a (webtiles) character file.

Game seed: 758256934684784220

109 ChrisAssaf the Grave Robber (level 4, -1/37 HPs)
             Began as a Naga Necromancer on Dec 17, 2023.
             Was an Initiate of Ru.
             Slain by a sleepcap (8 damage)
             ... on level 3 of the Dungeon.
             The game lasted 00:08:19 (1221 turns).

ChrisAssaf the Grave Robber (Naga Necromancer)      Turns: 1221, Time: 00:08:19

Health: -1/37      AC:  2    Str: 10    XL:     4   Next: 89%
Magic:  3/8        EV: 10    Int: 18    God:    Ru [......]
Gold:   36         SH:  0    Dex: 11    Spells: 0/8 levels left

rFire   . . .        (no weapon)
rCold   + . .        (no shield)
rNeg    . . .        a - +0 robe
rPois   +            (no helmet)
rElec   .            (no cloak)
rCorr   .            (no gloves)
SInv    +            (no barding)
Will    .....        (no amulet)
Stlth   ++           b - ring of protection from cold
HPRegen 0.26/turn    (no ring)
MPRegen 0.11/turn

%: no passive effects
@: brilliant, flying, very slow
A: AC +1, large, see invisible, deformed body, poison resistance, slowness 2,
spit poison 1, naga tail 1
a: Spit Poison, Renounce Religion


You were on level 3 of the Dungeon.
You worshipped Ru.
Ru was noncommittal.
You visited 1 branch of the dungeon, and saw 3 of its levels.

You collected 64 gold pieces.
You spent 28 gold pieces at shops.

Inventory:

Missiles
 g - 2 javelins (quivered)
Armour
 a - a +0 robe (worn)
Jewellery
 b - a ring of protection from cold (left hand)
Potions
 f - a potion of might


   Skills:
 * Level 0.3 Fighting
 * Level 0.2 Throwing
 * Level 1.1 Armour
 * Level 1.9 Dodging
 * Level 3.6 Stealth
 + Level 0.6 Unarmed Combat
 * Level 2.7 Spellcasting
 * Level 4.7 Necromancy


You couldn't memorise any spells.
You knew the following spells:

 Your Spells              Type           Power      Damage    Failure   Level
a - Necrotise             Necr           100%       1d9       2%          1
b - Vampiric Draining     Necr           29%        2d8       7%          3
c - Animate Dead          Necr           29%        N/A       24%         4

Your spell library contained the following spells:

 Spells                   Type           Power      Damage    Failure   Level
 Blink                    Tloc           6%         N/A       26%         2
 Agony                    Necr           29%        N/A       54%         5
 Manifold Assault         Tloc           3%         N/A       86%         4
 Storm Form               Tmut/Air       1%         N/A       100%        7


Dungeon Overview and Level Annotations

Branches:
Dungeon (3/15)

Altars:
Gozag
Ru

Shops:
D:3 *


Innate Abilities, Weirdness & Mutations

Your serpentine skin is tough. (AC +1)
You have supernaturally acute eyesight. (SInv)
Armour fits poorly on your strangely shaped body.
Your system is resistant to poisons. (rPois)
You cover ground very slowly.
You can spit poison.
You have a snake-like lower body.


Message History

You feel clever all of a sudden. The sleepcap barely misses you.
The sleepcap releases spores at you.
You are engulfed in a cloud of soporific spores!
You are unaffected.
The sleepcap attacks as you move away! The sleepcap closely misses you.
The sleepcap releases spores at you!
* * * LOW HITPOINT WARNING * * *
You are engulfed in a cloud of soporific spores!
You fall asleep.
The sleepcap releases spores at you.
You wake up.
* * * LOW HITPOINT WARNING * * *
Aiming: Spit Poison (1% risk of failure)
Press: ? - help, Shift-Dir - straight line, f - sleepcap
Aim: a sleepcap (100% to hit)
The splash of poison hits the sleepcap.
The sleepcap is poisoned.
The sleepcap is lightly damaged.
The sleepcap closely misses you.
Unknown command.
You aren't carrying any scrolls.
Unknown command.
It was a potion of heal wounds.
You feel much better. The sleepcap releases spores at you!
You are engulfed in a cloud of soporific spores!
You fall asleep.
You have got your breath back.
The sleepcap barely misses you. The sleepcap releases spores at you!
You wake up.
You are engulfed in a cloud of soporific spores!
You are unaffected.
Unknown command.
It was a potion of flight.
You feel very buoyant.
You fly up into the air.
The sleepcap looks more healthy.
The sleepcap releases spores at you.
* * * LOW HITPOINT WARNING * * *
You are engulfed in a cloud of soporific spores!
You are unaffected.
The sleepcap releases spores at you!
You die...

##.##.# ##..#
#.# .#.##.#
#..#########.#
.#.##.#
##..'.....#..#
÷#.##.#
##.#...).#.##
......#
#.#######.#
.#.##.#
#..#.[.#..#
.#.##.#
##.##.##.##
.#.##.#
#..#†#..#
##.##.#
##.@fz.##
...##.#
#######
#####.#
......#
#######


You could see a sleepcap and a wight.

Vanquished Creatures
  5 adders
  An ufetubus (D:3)
  A dart slug (D:1)
  5 orcs (D:3)
  3 bats
  3 endoplasms
  2 giant cockroaches
  2 goblins
  2 hobgoblins
  4 jackals (D:1)
  2 quokkas
  4 ball pythons
  2 frilled lizards (D:1)
  3 kobolds
  6 rats
45 creatures vanquished.

Vanquished Creatures (collateral kills)
  An endoplasm (D:1)
  A giant cockroach (D:2)
  A hobgoblin (D:1)
  A kobold (D:1)
  A ball python (D:1)
5 creatures vanquished.

Grand Total: 50 creatures vanquished

Notes
Turn   | Place    | Note
-------+----------+-------------------------------------------
     0 | D:1      | ChrisAssaf the Naga Necromancer began the quest for the
                  | Orb.
     0 | D:1      | Reached XP level 1. HP: 15/15 MP: 3/3
   152 | D:1      | Reached XP level 2. HP: 22/22 MP: 5/5
   265 | D:1      | Reached XP level 3. HP: 23/28 MP: 1/6
   269 | D:1      | Learned a level 3 spell: Vampiric Draining
   437 | D:3      | Found an opulent altar of Gozag.
   589 | D:3      | Reached XP level 4. HP: 26/37 MP: 6/8
   659 | D:3      | Found a sacrificial altar of Ru.
   678 | D:3      | Learned a level 4 spell: Animate Dead
   689 | D:3      | Became a worshipper of Ru the Awakened
   752 | D:3      | Found Ciaf's General Store.
   764 | D:3      | Bought a scroll of identify for 28 gold pieces
  1203 | D:3      | Reached skill level 1 in Armour
  1221 | D:3      | Slain by a sleepcap

Illustrated notes

Levels and vault maps discovered:
D:1:      dpeg_arrival_rhombi, layout_basic, serial_shops, shop,
          ebering_ecumenical_altar_box, ebering_dispersal_statue_hall
D:2:      layout_rooms, uniq_sigmund, uniq_crazy_yiuf_cottage
D:3:      layout_rooms, nicolae_ru_sacrificial_ziggurat,
          mainiacjoe_overflow_chevrons, serial_shops, shop,
          minmay_divided_ellipse

Skill      XL: |  1  2  3  4 |
---------------+-------------+-----
Armour         | 1 |  1.1
Fighting       | |  0.3
Throwing       | |  0.2
Dodging        | |  1.9
Stealth        | |  3.6
Unarmed Combat | |  0.6
Spellcasting   | |  2.7
Necromancy     | |  4.7

Action                     |  1- 3 |  4- 6 || total
---------------------------+-------+-------++-------
  Melee: Unarmed           |     3 |    10 ||    13
  Throw: Javelin           |     7 |     6 ||    13
   Cast: Necrotise         |    32 |     5 ||    37
         Vampiric Draining |     1 |     8 ||     9
Ability: Spit Poison       |    22 |    10 ||    32
    Use: Scroll            |     3 |     1 ||     4
         Potion            |     1 |     4 ||     5
 Armour: Robe              |     6 |     3 ||     9
         Skin              |     8 |     5 ||    13
  Dodge: Dodged            |    57 |    15 ||    72
